 Dungeon Crawl Stone Soup version 0.22-a0-525-gf69a080 (webtiles) character file.

2 iamserjio the Charmwright (level 1, -2/11 HPs)
             Began as a Vine Stalker Skald on June 21, 2018.
             Slain by a hobgoblin (3 damage)
             ... on level 1 of the Dungeon.
             The game lasted 00:00:28 (19 turns).

iamserjio the Charmwright (Vine Stalker Skald)        Turns: 19, Time: 00:00:29

Health: -2/11      AC:  3    Str: 13    XL:     1   Next: 30%
Magic:  0/4        EV: 11    Int: 13    God:
Gold:   0          SH:  0    Dex: 13    Spells: 3/4 levels left

rFire    . . .     SeeInvis .     - Unarmed
rCold    . . .     Gourm    .   (no shield)
rNeg     . . .     Faith    .   a - +0 leather armour
rPois    .         Spirit   +   (no helmet)
rElec    .         Reflect  .   (no cloak)
rCorr    .         Harm     .   (no gloves)
MR       .....                  (no boots)
Stlth    +.........             (no amulet)
HPRegen  0.03/turn              (no ring)
MPRegen  0.09/turn              (no ring)

@: infused (expiring)
A: fangs 2, magic shield, antimagic bite, no potion heal 3, rot immunity
a: no special abilities


You were on level 1 of the Dungeon.
You were not hungry.

You visited 1 branch of the dungeon, and saw 1 of its levels.

Inventory:

Armour
 a - a +0 leather armour (worn)
Comestibles
 c - a ration


   Skills:
 + Level 1.8 Fighting
 - Level 0.7 Armour
 - Level 1.5 Dodging
 * Level 2.1 Unarmed Combat
 - Level 2.1 Spellcasting
 - Level 3.0 Charms


You had 3 spell levels left.
You knew the following spells:

 Your Spells              Type           Power        Failure   Level  Hunger
a - Infusion              Chrm           #...         10%         1    ##.....

Your spell library contained the following spells:

 Spells                   Type           Power        Failure   Level  Hunger
 Regeneration             Chrm/Necr      #.........   45%         3    ####...
 Shroud of Golubria       Chrm/Tloc      #.........   26%         2    ###....
 Song of Slaying          Chrm           #.......     14%         2    ###....
 Spectral Weapon          Hex/Chrm       #.......     45%         3    ####...


Dungeon Overview and Level Annotations

Branches:
Dungeon (1/15)

Altars:


Innate Abilities, Weirdness & Mutations

You have extremely sharp teeth.
When hurt, damage is shared between your health and your magic reserves.
Your bite disrupts and absorbs the magic of your enemies.
Potions cannot restore your health.
You are immune to rotting.


Message History

The hobgoblin hits you. The giant cockroach bites you.
* * * LOW HITPOINT WARNING * * *
You closely miss the hobgoblin.
The hobgoblin is almost dead.
The hobgoblin hits you.
* * * LOW HITPOINT WARNING * * *
The giant cockroach waves its antennae.
The giant cockroach bites you but does no damage.
You closely miss the hobgoblin.
The hobgoblin is severely wounded.
The giant cockroach barely misses you. The hobgoblin barely misses you.
You completely miss the hobgoblin. Your bite misses the hobgoblin.
The hobgoblin is severely wounded.
The giant cockroach barely misses you. The hobgoblin hits you.
* * * LOW HITPOINT WARNING * * *
You hit the hobgoblin but do no damage. You bite the hobgoblin.
You drain its power.
You feel invigorated.
The hobgoblin is almost dead.
The giant cockroach bites you. The hobgoblin hits you.
You die...

.............#
.#...........#
#............##
....≈≈≈≈§≈≈≈≈≈#
##..≈8≈≈≈≈≈≈8≈#
>...≈≈8≈w≈≈8≈≈#
....≈≈≈#KK#≈≈§#
##.#§§≈#gs#≈≈≈#
#≈≈≈#@.#≈§≈#
#≈≈≈####≈§≈#
...≈≈8≈≈§≈8≈≈#
###≈8≈≈≈≈≈≈8≈#
#≈≈≈≈≈≈≈≈≈≈#
#...##.#####
.... .. .....
##


You could see a dart slug, a giant cockroach, a hobgoblin and 2 kobolds.

Vanquished Creatures
  A leopard gecko (D:1)
1 creature vanquished.

Notes
Turn   | Place    | Note
-------+----------+-------------------------------------------
     0 | D:1      | iamserjio the Vine Stalker Skald began the quest for the Orb.
     0 | D:1      | Reached XP level 1. HP: 11/11 MP: 4/4
    19 | D:1      | Slain by a hobgoblin

Vault maps used:
D:1:      lightli_arrival_boilingwater, minmay_cupped

Action                   || total
-------------------------++-------
Melee: Unarmed           ||     9
       Bite              ||     2
       Punch             ||     1
 Cast: Infusion          ||     1
Armor: Leather armour    ||     3
Dodge: Dodged            ||     8

Table legend:
 A = Spawn XP
 B = Non-spawn XP
 C = Spawn XP percentage of total XP
 D = Spawn monster count
 E = Non-spawn monster count
 F = Spawn count percentage of total count
 G = Total turns spent on level
                    A         B        C        D         E        F      G
               +---------+---------+-------+---------+---------+-------+---------
         Total |       0 |       3 |   0.0 |       0 |       1 |   0.0 |    19
               +---------+---------+-------+---------+---------+-------+---------
           D:1 |       0 |       3 |   0.0 |       0 |       1 |   0.0 |    19
               +---------+---------+-------+---------+---------+-------+---------
